 Dungeon Crawl Stone Soup version 0.19.5 (webtiles) character file.

84 Gargoyl the Skirmisher (level 4, 0/40 HPs)
             Began as a Ghoul Abyssal Knight on May 5, 2017.
             Was a Follower of Lugonu.
             Slain by Sigmund
             ... wielding a +0 scythe
              (7 damage)
             ... on level 2 of the Dungeon.
             The game lasted 00:03:25 (1348 turns).

Gargoyl the Skirmisher (Ghoul Abyssal Knight)       Turns: 1348, Time: 00:03:26

Health: 0/40       AC: 13    Str: 20    XL:     4   Next: 45%
Magic:  5/5        EV:  7    Int:  7    God:    Lugonu [*.....]
Gold:   102        SH:  0    Dex:  9    Spells: 0 memorised, 3 levels left

rFire  . . .     SeeInvis .     j - +0 war axe
rCold  + . .     Gourm    .     d - +3 chain mail
rNeg   + + +     Faith    .     (no shield)
rPois  ∞         Spirit   .     f - +0 helmet
rElec  .         Reflect  .     (no cloak)
rCorr  .         Harm     .     (no gloves)
MR     .....                    (no boots)
Stlth  ..........               (no amulet)
                                (no ring)
                                (no ring)

@: mighty, rotting
A: rotting body, claws 1, carnivore 3, cold resistance 1, negative energy
resistance 3, slow regeneration 1, torment resistance, unbreathing
a: Depart the Abyss, Renounce Religion


You were on level 2 of the Dungeon.
You worshipped Lugonu.
Lugonu was aware of your devotion.
You were not hungry.

You visited 1 branch of the dungeon, and saw 2 of its levels.
You visited the Abyss 1 time.

You collected 102 gold pieces.

Inventory:

Hand Weapons
 a - a +2 hand axe
 j - a +0 war axe (weapon)
Armour
 d - a +3 chain mail (worn)
 f - a +0 helmet (worn)
Scrolls
 i - a scroll of identify
Potions
 b - a potion of degeneration {unknown}
 g - 2 potions of curing
Comestibles
 c - 2 meat rations
 h - a beef jerky
 k - 13 chunks of flesh
 m - a slice of pizza


   Skills:
 + Level 3.7 Fighting
 + Level 2.5 Axes
 * Level 2.6 Armour
 + Level 1.1 Dodging
 * Level 3.0 Invocations


You had 3 spell levels left.
You didn't know any spells.

Dungeon Overview and Level Annotations

Branches:
Dungeon (2/15)

Altars:
Hepliaklqana
Kikubaaqudgha

Annotations:
D:2 Sigmund


Innate Abilities, Weirdness & Mutations

Your body is rotting away.
You thrive on raw meat.
You are immune to poison.
You have sharp fingernails.
You are carnivorous and can eat meat at any time.
Your flesh is cold resistant. (rC+)
You are immune to negative energy. (rN+++)
You regenerate slowly when monsters are visible.
You are immune to unholy pain and torment.
You can survive without breathing.


Message History

Sigmund is lightly wounded.
Sigmund mumbles some strange words.
Sigmund flickers and vanishes!
Deactivating autopickup; reactivate with Ctrl-A.
You hit something. Something hits you but does no damage.
Your chain mail prevents you from hitting something.
Something hits you but does no damage.
You closely miss something.
You hear some strange, mumbled words.
A puff of flame appears from out of thin air!
The puff of flame hits you!
You closely miss something. Something hits you but does no damage.
You closely miss something. Something hits you but does no damage.
You feel very mighty all of a sudden. Something hits you.
You closely miss something. Something hits you!
* * * LOW HITPOINT WARNING * * *
Your chain mail prevents you from hitting something.
Something hits you!
You die...

#.# #...##.##...##.##..... #.#
#...####..♣..#.###...> #.# #####
#..............# #.#
#.....♣.....#...
###.#########..<...........#
#...........#.....♣........#
#.....#####.#.......##...#..
#)###.#####{##..♣..###....). #)#
#......@.##...)......... #)#
####.....#.........#.##. #.#
#.###.###..(....#...# #)#
##.#...##...(....###.. #.#
#..#.###...........#..
####.#####..#.###........[#....
##(....#.....#(.......÷....##...
#..........................##...
#...............#.....#..#####...


There were no monsters in sight!

Vanquished Creatures
  Ijyb (D:2)
  Robin (D:2)
  An adder (D:2)
  A dart slug (D:1)
  4 bats (D:1)
  2 giant cockroaches (D:1)
  6 goblins (D:2)
  5 hobgoblins (D:2)
  2 jackals (D:2)
  6 kobolds
  A quokka (D:2)
  2 frilled lizards (D:2)
  7 rats
39 creatures vanquished.

Notes
Turn   | Place    | Note
-------+----------+-------------------------------------------
     0 | Abyss:1  | Gargoyl the Ghoul Abyssal Knight began the quest for the Orb.
     0 | Abyss:1  | Reached XP level 1. HP: 19/19 MP: 1/1
    42 | Abyss:3  | Found a corrupted altar of Lugonu.
    48 | Abyss:4  | Found a corrupted altar of Lugonu.
    74 | Abyss:4  | Noticed a large abomination
    77 | Abyss:5  | Entered Level 5 of the Abyss
    77 | Abyss:5  | Found a sparkling altar of Nemelex Xobeh.
    77 | Abyss:5  | Found a stormy altar of Qazlal.
    77 | Abyss:5  | Found a hazy altar of Hepliaklqana.
    77 | Abyss:5  | Found a deep blue altar of Sif Muna.
    77 | Abyss:5  | Found a shattered altar of Ashenzari.
    77 | Abyss:5  | Found a snail-covered altar of Cheibriados.
    77 | Abyss:5  | Found an opulent altar of Gozag.
    77 | Abyss:5  | Found a shadowy altar of Dithmenos.
    77 | Abyss:5  | Found an iron altar of Okawaru.
    77 | Abyss:5  | Found an ancient bone altar of Kikubaaqudgha.
    77 | Abyss:5  | Found a basalt altar of Yredelemnul.
    77 | Abyss:5  | Found a radiant altar of Vehumet.
    77 | Abyss:5  | Found a blossoming altar of Fedhas.
    77 | Abyss:5  | Found a glowing silver altar of Zin.
    77 | Abyss:5  | Found a hide-covered altar of Uskayaw.
    77 | Abyss:5  | Found a shimmering altar of Xom.
    77 | Abyss:5  | Found a glowing golden altar of the Shining One.
    77 | Abyss:5  | Found a stormy altar of Qazlal.
    77 | Abyss:5  | Found a bloodstained altar of Trog.
    77 | Abyss:5  | Found a burning altar of Makhleb.
    97 | Abyss:5  | Noticed a sixfirhy
    97 | D:1      | Escaped the Abyss
   418 | D:1      | Reached skill level 1 in Dodging
   425 | D:1      | Reached XP level 2. HP: 24/26 MP: 2/2
   660 | D:1      | Reached * piety under Lugonu
   940 | D:2      | Noticed Ijyb
   959 | D:2      | Killed Ijyb
   959 | D:2      | Reached XP level 3. HP: 27/32 MP: 3/3
   994 | D:2      | Found an ancient bone altar of Kikubaaqudgha.
  1082 | D:2      | Reached XP level 4. HP: 35/40 MP: 5/5
  1125 | D:2      | Found a hazy altar of Hepliaklqana.
  1256 | D:2      | Noticed Robin
  1278 | D:2      | Killed Robin
  1322 | D:2      | Noticed Sigmund
  1348 | D:2      | Slain by Sigmund

Skill      XL: |  1  2  3  4 |
---------------+-------------+-----
Dodging        | 1 |  1.1
Armour         | 2 |  2.6
Axes           | 2 |  2.5
Invocations    | 3 |  3.0
Fighting       | |  3.7

Action                   |  1- 3 |  4- 6 || total
-------------------------+-------+-------++-------
Melee: Hand axe          |    68 |       ||    68
       War axe           |    20 |    63 ||    83
Invok: Depart the Abyss  |     1 |       ||     1
  Use: Scroll            |     4 |     2 ||     6
       Potion            |       |     1 ||     1
  Eat: Chunk             |     7 |     9 ||    16
Armor: Chain mail        |    90 |    44 ||   134
Dodge: Dodged            |    43 |    23 ||    66
